 Dungeon Crawl Stone Soup version 0.25.0-46-gbd7b0854d2 (webtiles) character file.

Game seed: 5360313733410170655

76 Delamore the Skirmisher (level 4, -2/30 HPs)
             Began as a Gargoyle Fighter on July 13, 2020.
             Slain by a gnoll
             ... wielding a +0 halberd
              (7 damage)
             ... on level 2 of the Dungeon.
             The game lasted 00:00:49 (1076 turns).

Delamore the Skirmisher (Gargoyle Fighter)          Turns: 1076, Time: 00:00:49

Health: -2/30      AC: 10    Str: 20    XL:     4   Next: 32%
Magic:  4/4        EV:  7    Int:  9    God:
Gold:   52         SH:  9    Dex:  9    Spells: 3/3 levels left

rFire    . . .     SeeInvis .   a - +0 flail
rCold    . . .     Gourm    .   c - +0 kite shield
rNeg     + . .     Faith    .   b - +0 scale mail
rPois    ∞         Spirit   .   (no helmet)
rElec    +         Reflect  .   (no cloak)
rCorr    .         Harm     .   (no gloves)
MR       .....                  (no boots)
Stlth    ..........             (no amulet)
HPRegen  0.10/turn              (no ring)
MPRegen  0.09/turn              (no ring)

@: no status effects
A: negative energy resistance 1, electricity resistance, unbreathing,
petrification resistance, rot immunity, AC +3
a: no special abilities


You were on level 2 of the Dungeon.
You were not hungry.

You visited 1 branch of the dungeon, and saw 2 of its levels.

You collected 52 gold pieces.

Inventory:

Hand Weapons
 a - a +0 flail (weapon)
Missiles
 j - 20 poisoned darts (quivered)
Armour
 b - a +0 scale mail (worn)
 c - a +0 kite shield (worn)
Jewellery
 m - an uncursed ring of protection from magic {unknown}
Scrolls
 e - a scroll of teleportation {unknown}
 h - 6 scrolls of identify {unknown}
 i - a scroll of enchant weapon {unknown}
 k - a scroll of fear {unknown}
 l - a scroll of immolation {unknown}
Potions
 d - a potion of might
Comestibles
 f - 2 rations
 g - a chunk of flesh


   Skills:
 + Level 4.5 Fighting
 + Level 3.4 Maces & Flails
 - Level 3.2 Armour
 - Level 3.2 Shields


You had 3 spell levels left.
You didn't know any spells.
Your spell library was empty.

Dungeon Overview and Level Annotations

Branches:
Dungeon (2/15)

Altars:
Yredelemnul


Innate Abilities, Weirdness & Mutations

You are resistant to torment.
Your stone body is resilient. (AC +3)
You are immune to poison.
You resist negative energy. (rN+)
You are resistant to electric shocks. (rElec)
You can survive without breathing.
You are immune to petrification.
You are immune to rotting.


Message History

The gnoll is lightly wounded.
The gnoll closely misses you. The gnoll hits you but does no damage.
You closely miss the gnoll.
The gnoll is lightly wounded.
You block the gnoll's attack.
The gnoll hits you from afar with a +0 halberd.
* * * LOW HITPOINT WARNING * * *
You hit the gnoll but do no damage.
The gnoll is lightly wounded.
The gnoll closely misses you. You block the gnoll's attack.
You hit the gnoll.
The gnoll is moderately wounded.
You block the gnoll's attack.
The gnoll hits you from afar with a +0 halberd.
* * * LOW HITPOINT WARNING * * *
You completely miss the gnoll.
The gnoll is moderately wounded.
The gnoll misses you.
The gnoll hits you from afar with a +0 halberd!
You die...

######
##########....#####
.....gg@...$....... #
.###.####.....##########
#..#########.... ♣#..#
#.....###
♣..######.##### #
♣..###....# #
♣......#### # ♣#.##### #
#.# ##


You could see 2 gnolls.

Vanquished Creatures
  2 gnolls (D:2)
  2 adders (D:2)
  3 dart slugs
  A ball python (D:1)
  5 bats
  A giant cockroach (D:1)
  3 goblins (D:1)
  4 hobgoblins
  4 jackals (D:1)
  2 frilled lizards
  2 gnoll zombies (D:2)
  2 kobolds
  2 rats (D:1)
33 creatures vanquished.

Notes
Turn   | Place    | Note
-------+----------+-------------------------------------------
     0 | D:1      | Delamore the Gargoyle Fighter began the quest for the Orb.
     0 | D:1      | Reached XP level 1. HP: 14/14 MP: 1/1
    55 | D:1      | Reached XP level 2. HP: 18/19 MP: 2/2
   338 | D:1      | Reached XP level 3. HP: 21/24 MP: 3/3
   464 | D:1      | Reached skill level 4 in Fighting
   956 | D:2      | Found a basalt altar of Yredelemnul.
  1041 | D:2      | Reached XP level 4. HP: 30/30 MP: 4/4
  1076 | D:2      | Slain by a gnoll

Illustrated notes

Levels and vault maps discovered:
D:1:      ncdulo_lavacross, layout_rooms
D:2:      layout_rooms, lemuel_zombie_altar_yredelemnul, serial_forest,
          infiniplex_forest_lined_corner, infiniplex_forest_clump_diagonal,
          infiniplex_forest_clump_small, infiniplex_forest_fountain,
          infiniplex_forest_clump_large, infiniplex_forest_straight_1,
          infiniplex_forest_straight_4, kennysheep_decorative_pillar

Skill      XL: |  1  2  3 |
---------------+----------+-----
Fighting       | 4 |  4.5
Maces & Flails | 3 |  3.4
Armour         | |  3.2
Shields        | |  3.2

Action                   |  1- 3 |  4- 6 || total
-------------------------+-------+-------++-------
Melee: Flail             |   102 |    27 ||   129
  Eat: Chunk             |     1 |       ||     1
Armor: Scale mail        |    68 |     8 ||    76
Dodge: Dodged            |    40 |    11 ||    51
Block: Kite shield       |    57 |    15 ||    72
